 Dungeon Sprint DCSS version 0.28-a0-909-g796cbd3a86 (webtiles) character file.

Game seed: 9844858362248283148

59803 mhtbhm the Minotaur Blade (level 14, -5/162 HPs)
             Began as a Minotaur Fighter on Nov 24, 2021.
             Was an Initiate of Gozag.
             Slain by Mennas (24 damage)
             ... in the Dungeon (Sprint IX: "|||||||||||||||||||||||||||||").
             The game lasted 00:15:39 (8969 turns).

mhtbhm the Minotaur Blade (Minotaur Fighter)        Turns: 8969, Time: 00:15:40

Health: -5/162     AC: 19    Str: 26    XL:     14   Next: 54%
Magic:  13/13      EV: 21    Int:  5    God:    Gozag
Gold:   14220      SH: 16    Dex: 10    Spells: 13/13 levels left

rFire   + . .      SeeInvis .   a - +3 scimitar (flame)
rCold   + . .      Faith    .   c - +2 kite shield
rNeg    . . .      Spirit   .   b - +0 swamp dragon scales
rPois   +          Reflect  .   (helmet restricted)
rElec   +          Harm     .   m - +0 cloak
rCorr   +          Rampage  .   n - +0 pair of gloves
Will    +....      NoTele   +   C - +1 pair of boots
Stlth   ++........              (no amulet)
HPRegen 0.37/turn               A - +4 ring of evasion
MPRegen 0.13/turn               p - +2 ring of evasion

@: resistant, on berserk cooldown, hasted and slowed, glowing, invisible (but
backlit and visible)
A: horns 2, retaliatory headbutt
a: Renounce Religion, Potion Petition, Call Merchant, Bribe Branch


You were in the Dungeon.
You worshipped Gozag.
Gozag was extremely pleased with you.
You visited 1 branch You collected 19325 gold pieces.
You spent 1440 gold pieces at shops.
You paid 3665 gold pieces to Gozag.

Inventory:

Hand Weapons
 a - a +3 scimitar of flaming (weapon)
Missiles
 o - 3 silver javelins (quivered)
Armour
 b - +0 swamp dragon scales (worn)
 c - a +2 kite shield (worn)
 m - a +0 cloak (worn)
 n - a +0 pair of gloves (worn)
 C - a +1 pair of boots (worn)
Jewellery
 p - a +2 ring of evasion (right hand)
 y - a ring of protection from fire
 A - a +4 ring of evasion (left hand)
 B - a ring of ice
Scrolls
 g - a scroll of magic mapping
 k - 2 scrolls of amnesia
 q - 2 scrolls of identify
 r - 4 scrolls of fear
 s - 6 scrolls of enchant weapon
 t - 2 scrolls of fog
 u - a scroll of holy word
 w - 3 scrolls of enchant armour
Potions
 d - a potion of resistance
 e - 8 potions of curing
 h - 4 potions of magic
 i - 2 potions of berserk rage
 v - 2 potions of mutation


   Skills:
 + Level 25.4 Fighting
 + Level 25.4 Long Blades
 + Level 2.5 Throwing
 + Level 19.6 Armour
 + Level 11.7 Dodging
 + Level 10.9 Stealth
 + Level 20.3 Shields
 + Level 4.8 Evocations


You had 13 spell levels left.
You didn't know any spells.
Your spell library contained the following spells:

 Spells                   Type           Power      Damage    Failure   Level
 Sublimation of Blood     Necr           0%         N/A       71%         2
 Petrify                  Tmut/Erth      0%         N/A       100%        4
 Irradiate                Conj/Tmut      0%         3d14      100%        5


Dungeon Overview and Level Annotations

Branches:
Dungeon (1/1)

Altars:
Cheibriados
Dithmenos
Elyvilon
Fedhas
Gozag
Hepliaklqana
Kikubaaqudgha
Makhleb
Nemelex Xobeh
Okawaru
Qazlal
Ru
Sif Muna
Trog
Uskayaw
Vehumet
Wu Jian
Xom
Yredelemnul
Zin
The Shining One
Beogh
Jiyva
Lugonu

Shops:
D [?!*

Annotations:
D Mennas


Innate Abilities, Weirdness & Mutations

You have a pair of horns on your head.
You reflexively headbutt those who attack you in melee.


Message History

Mennas blocks your attack.
Your headbutt misses Mennas.
Mennas is lightly wounded.
Mennas hits you with a +0 eudemon blade of holy wrath.
Mennas barely misses you.
Unknown command.
You bump into the unnaturally hard rock wall.
Mennas shakes his head sadly.
Mennas closely misses you. x2
You bump into the unnaturally hard rock wall.
Mennas barely misses you. Mennas completely misses you.
Mennas is caught in a moment of prayer.
Mennas hits you with a +0 eudemon blade of holy wrath. x2
Unknown command.
Mennas becomes audible again.
Unknown command.
Mennas blocks your attack.
Mennas is lightly wounded.
You feel less invigorated.
You feel less confused.
Mennas hits you with a +0 eudemon blade of holy wrath!
Mennas barely misses you. You block Mennas's attack.
Mennas hits you but does no damage.
You hit Mennas but do no damage. Your headbutt misses Mennas.
Mennas is lightly wounded.
Mennas hits you with a +0 eudemon blade of holy wrath!!
* * * LOW HITPOINT WARNING * * *
Mennas hits you with a +0 eudemon blade of holy wrath!
* * * LOW HITPOINT WARNING * * *
Unknown command.
Unknown command.
Unknown command.
Okay, then.
Okay, then.
Okay, then.
Okay, then.
You barely miss Mennas.
Mennas is lightly wounded.
Mennas hits you with a +0 eudemon blade of holy wrath!!
You die...
Your body crumbles into a pile of gold.

▓.▓.▓.♣.♣.▓)▓.▓.▓.
▓.▓.▓)♣.♣.▓)▓.▓.▓.
▓.▓.▓.♣.♣.▓.▓.▓.▓.
▓.▓.▓.♣.♣.▓[▓.▓.▓.
▓.▓.▓.▓'▓.▓.▓)▓)▓.
▓.▓.▓.▓.▓.▓[▓.▓.▓.
▓.▓.▓.▓.▓.▓[▓.▓)▓.
▓A▓.▓.▓.▓.▓[▓.▓)▓.
▓@▓.▓.▓.▓.▓)▓.▓)▓.
▓.▓.▓.▓.▓.▓[▓.▓)▓.
▓.▓)▓.▓.▓.▓[▓.▓)▓.
▓.▓)▓.▓.▓.▓.▓.▓)▓.
▓.▓.▓)▓.▓.▓.▓.▓.▓.
▓.▓.▓.▓.▓.▓.▓.▓.▓.
▓.▓)▓.▓'▓.▓.▓.▓.▓.
▓.▓'▓.▓.▓.▓.▓.▓.▓.
$
▓.▓)▓)▓)▓.▓.▓.▓.▓.


You could see Mennas.

Vanquished Creatures
  Kirke (D)
  2 fire giants (D)
  2 frost giants (D)
  2 vault wardens (D)
  An ironbound preserver (D)
  2 very ugly things (D)
  A stone giant (D)
  A bunyip (D)
  Azrael (D)
  A dire elephant (D)
  A merfolk javelineer (D)
  4 ettins (D)
  2 yaktaur captains (D)
  A great orb of eyes (D)
  2 fire dragons (D)
  A rakshasa (D)
  4 ice dragons (D)
  Erolcha (D)
  3 hydras (D)
  2 boulder beetles (D)
  A ghost crab (D)
  An ogre mage (D)
  3 centaur warriors (D)
  A merfolk aquamancer (D)
  2 ironbound frosthearts (D)
  A deep troll shaman (D)
  2 tengu warriors (D)
  2 shock serpents (D)
  A deep troll earth mage (D)
  A naga sharpshooter (D)
  An iron troll (D)
  A skeletal warrior (D)
  A sea snake (D)
  A glowing orange brain (D)
  4 deep trolls (D)
  3 swamp dragons (D)
  3 ironbound convokers (D)
  4 orc knights (D)
  A necromancer (D)
  2 orc sorcerers (D)
  3 wizards (D)
  A will-o-the-wisp (D)
  3 wolf spiders (D)
  3 cyclopes (D)
  A manticore (D)
  A guardian serpent (D)
  2 vault sentinels (D)
  A cane toad (D)
  A gargoyle (D)
  3 black mambas (D)
  A demonic crawler (D)
  A yaktaur (D)
  2 tengu conjurers (D)
  2 merfolk (D)
  A polar bear (D)
  6 trolls (D)
  3 hornets (D)
  A slime creature (D)
  A wind drake (D)
  2 blink frogs (D)
  A snapping turtle (D)
  2 redbacks (D)
  A shadow (D)
  A vampire (D)
  2 tarantellas (D)
  5 fire elementals (D)
  A hog (D)
  2 yaks (D)
  2 basilisks (D)
  Grum (D)
  2 nagas (D)
  A warg (D)
  4 water moccasins (D)
  An acid dragon (D)
  4 hell hounds (D)
  8 orc warriors (D)
  8 wolves (D)
  A centaur (D)
  An ogre (D)
  5 bullfrogs (D)
  A scorpion (D)
  A howler monkey (D)
  7 orc priests (D)
  An orc wizard (D)
  A gnoll (D)
  An adder (D)
  An ufetubus (D)
  4 orcs (D)
  An endoplasm (D)
  A giant cockroach (D)
  2 goblins (D)
  A jackal (D)
  A ball python zombie (D)
186 creatures vanquished.

Vanquished Creatures (others)
  A fire dragon (D)
  A spriggan druid (D)
  A tyrant leech (D)
  4 humans (D)
7 creatures vanquished.

Grand Total: 193 creatures vanquished

Notes
Turn   | Place    | Note
-------+----------+-------------------------------------------
     0 | D        | mhtbhm the Minotaur Fighter began the quest for the Orb.
     0 | D        | Reached XP level 1. HP: 19/19 MP: 0/0
    88 | D        | Noticed an ogre
    88 | D        | Noticed a scorpion
    92 | D        | Killed an ogre
    93 | D        | Reached XP level 2. HP: 22/31 MP: 1/1
    93 | D        | Reached XP level 3. HP: 27/38 MP: 2/2
    93 | D        | Reached XP level 4. HP: 32/45 MP: 3/3
    97 | D        | Reached skill level 5 in Long Blades
   101 | D        | Killed a scorpion
   102 | D        | Reached XP level 5. HP: 35/52 MP: 4/4
   292 | D        | Found a snail-covered altar of Cheibriados.
   292 | D        | Found a shadowy altar of Dithmenos.
   292 | D        | Found a white marble altar of Elyvilon.
   292 | D        | Found a blossoming altar of Fedhas.
   292 | D        | Found an opulent altar of Gozag.
   293 | D        | Found a hazy altar of Hepliaklqana.
   294 | D        | Found a viscous altar of Jiyva.
   295 | D        | Found an ancient bone altar of Kikubaaqudgha.
   296 | D        | Found a corrupted altar of Lugonu.
   297 | D        | Found a burning altar of Makhleb.
   298 | D        | Found a sparkling altar of Nemelex Xobeh.
   299 | D        | Found an iron altar of Okawaru.
   300 | D        | Became a worshipper of Gozag Ym Sagoz the Greedy
   301 | D        | Found a stormy altar of Qazlal.
   302 | D        | Found a sacrificial altar of Ru.
   303 | D        | Found a shimmering blue altar of Sif Muna.
   304 | D        | Found a bloodstained altar of Trog.
   305 | D        | Found a hide-covered altar of Uskayaw.
   306 | D        | Found a radiant altar of Vehumet.
   307 | D        | Found an ornate altar of the Wu Jian Council.
   308 | D        | Found a shimmering altar of Xom.
   309 | D        | Found a basalt altar of Yredelemnul.
   310 | D        | Found a glowing silver altar of Zin.
   311 | D        | Found a glowing golden altar of the Shining One.
   364 | D        | Noticed a shadow
   364 | D        | Noticed a hornet
   364 | D        | Noticed a yak
   364 | D        | Noticed a hornet
   364 | D        | Noticed a vampire
   370 | D        | Killed a shadow
   371 | D        | Reached XP level 6. HP: 63/63 MP: 5/5
   373 | D        | Killed a hornet
   374 | D        | Reached skill level 10 in Fighting
   374 | D        | Reached skill level 10 in Armour
   374 | D        | Reached skill level 1 in Evocations
   374 | D        | Reached XP level 7. HP: 72/72 MP: 6/6
   376 | D        | Killed a yak
   384 | D        | Killed a hornet
   385 | D        | Reached skill level 10 in Long Blades
   387 | D        | Killed a vampire
   388 | D        | Reached XP level 8. HP: 54/82 MP: 7/7
   613 | D        | Noticed a cyclops
   613 | D        | Noticed a boulder beetle
   613 | D        | Noticed a four-headed hydra
   613 | D        | Noticed a gargoyle
   620 | D        | Killed a cyclops
   625 | D        | Killed a boulder beetle
   626 | D        | Reached skill level 1 in Stealth
   626 | D        | Reached skill level 10 in Shields
   626 | D        | Reached XP level 9. HP: 67/92 MP: 8/8
   627 | D        | Killed a two-headed hydra
   633 | D        | Killed a gargoyle
   758 | D        | Noticed a seven-headed hydra
   765 | D        | Killed a five-headed hydra
   766 | D        | Reached skill level 15 in Long Blades
   773 | D        | Noticed a polar bear
   790 | D        | Reached XP level 10. HP: 97/104 MP: 9/9
   795 | D        | Reached skill level 1 in Dodging
   896 | D        | Noticed a cane toad
   913 | D        | Reached skill level 15 in Fighting
   920 | D        | Killed a cane toad
   927 | D        | Reached skill level 15 in Armour
  1297 | D        | Noticed Erolcha
  1306 | D        | Killed Erolcha
  1548 | D        | Noticed an orc knight
  1548 | D        | Noticed an orc sorcerer
  1548 | D        | Noticed an orc knight
  1557 | D        | Killed an orc knight
  1558 | D        | Reached XP level 11. HP: 115/115 MP: 10/10
  1560 | D        | Killed an orc sorcerer
  1564 | D        | Noticed an orc knight
  1574 | D        | Killed an orc knight
  1574 | D        | Noticed an orc sorcerer
  1928 | D        | Killed an orc knight
  2065 | D        | Killed an orc sorcerer
  2191 | D        | Found Qevoli's Antique Armour Emporium.
  2191 | D        | Noticed an iron troll
  2191 | D        | Noticed a deep troll
  2194 | D        | Noticed an ogre mage
  2209 | D        | Killed an iron troll
  2218 | D        | Noticed a deep troll
  2219 | D        | Killed a deep troll
  2221 | D        | Found Hoanir's Magic Scroll Shoppe.
  2221 | D        | Noticed a deep troll
  2225 | D        | Paralysed by something for 5 turns
  2231 | D        | Killed an ogre mage
  2232 | D        | Reached skill level 5 in Stealth
  2237 | D        | Killed a deep troll
  2238 | D        | Found Iphixyf's Distillery.
  2244 | D        | Killed a deep troll
  2250 | D        | Noticed a deep troll
  2349 | D        | Killed a deep troll
  2596 | D        | Noticed an ettin
  2609 | D        | Killed an ettin
  2801 | D        | Found Gikomayss's General Store.
  2846 | D        | Bought a scroll of fear for 49 gold pieces
  2846 | D        | Bought a scroll of fear for 49 gold pieces
  2846 | D        | Bought a scroll of fear for 49 gold pieces
  2846 | D        | Bought a scroll of magic mapping for 49 gold pieces
  2846 | D        | Bought a scroll of holy word for 105 gold pieces
  2848 | D        | Bought a potion of heal wounds for 50 gold pieces
  2848 | D        | Bought a potion of mutation for 80 gold pieces
  2850 | D        | Bought a scroll of blinking for 75 gold pieces
  2850 | D        | Bought a scroll of identify for 20 gold pieces
  2850 | D        | Bought a scroll of enchant armour for 75 gold pieces
  2862 | D        | Bought a shiny plate armour for 598 gold pieces
  2873 | D        | Bought a runed scale mail for 161 gold pieces
  2888 | D        | Bought a potion of ambrosia for 80 gold pieces
  2975 | D        | Noticed Grum
  2985 | D        | Reached XP level 12. HP: 128/130 MP: 11/11
  2987 | D        | Killed Grum
  3121 | D        | Noticed a fire dragon
  3121 | D        | Noticed a centaur warrior
  3127 | D        | Killed a fire dragon
  3132 | D        | Noticed an ice dragon
  3133 | D        | Noticed an ettin
  3137 | D        | Noticed a tengu warrior
  3140 | D        | Killed a centaur warrior
  3142 | D        | Noticed an ice dragon
  3143 | D        | Noticed a red very ugly thing
  3151 | D        | Noticed a rakshasa
  3455 | D        | Killed an ice dragon
  3603 | D        | Killed an ettin
  3616 | D        | Killed a red very ugly thing
  3617 | D        | Reached skill level 5 in Dodging
  3758 | D        | Killed a tengu warrior
  3765 | D        | Killed an ice dragon
  3897 | D        | Killed a rakshasa
  4066 | D        | Noticed Azrael
  4083 | D        | Killed Azrael
  4482 | D        | Noticed a bunyip
  4482 | D        | Noticed a six-headed hydra
  4493 | D        | Killed a bunyip
  4500 | D        | Killed a two-headed hydra
  4500 | D        | Noticed a ghost crab
  4512 | D        | Reached XP level 13. HP: 101/144 MP: 12/12
  4833 | D        | Reached skill level 15 in Shields
  4906 | D        | Noticed a merfolk javelineer
  4913 | D        | Killed a merfolk javelineer
  5469 | D        | Noticed Kirke
  5483 | D        | Killed Kirke
  5551 | D        | Noticed an ettin
  5551 | D        | Noticed a stone giant
  5562 | D        | Killed an ettin
  5566 | D        | Noticed a fire dragon
  5567 | D        | Noticed an ettin
  5572 | D        | Killed a stone giant
  5574 | D        | Noticed a fire giant
  5587 | D        | Reached skill level 10 in Stealth
  5587 | D        | Noticed a fire giant
  5596 | D        | Noticed a white very ugly thing
  5597 | D        | Killed a fire dragon
  5936 | D        | Killed a fire giant
  5937 | D        | Reached skill level 1 in Throwing
  6118 | D        | Killed a fire giant
  6264 | D        | Killed an ettin
  6276 | D        | Killed a white very ugly thing
  6545 | D        | Reached skill level 10 in Dodging
  6582 | D        | Noticed a frost giant
  6591 | D        | Killed a frost giant
  6592 | D        | Reached XP level 14. HP: 131/158 MP: 13/13
  6692 | D        | Noticed a frost giant
  6711 | D        | Killed a frost giant
  7015 | D        | Noticed an ironbound preserver
  7017 | D        | Noticed a vault warden
  7042 | D        | Killed an ironbound preserver
  7059 | D        | Killed a vault warden
  7072 | D        | Noticed a vault warden
  7488 | D        | Killed a vault warden
  7809 | D        | HP: 8/162 [ironbound frostheart/creeping frost (15)]
  8925 | D        | Noticed Mennas
  8969 | D        | Slain by Mennas

Illustrated notes

Levels and vault maps discovered:
D:        linesprint [early_d, line_temple, items_1, d_10, items_2, lair_1,
          lair_end, items_3, orc_1, orc_end, items_4, d_15, swamp_1, shoals_1,
          snake_1, spider_1, d_20, vaults_1, items_5, swamp_end, shoals_end,
          snake_end, spider_end, vaults_end, d_27, items_6, zot_1, zot_end,
          crypt_end, forest_end, elf_end, slime_end, tomb_end, abyss_end,
          pan_hell_end]

Skill      XL: |  1  2  3  4  5  6  7  8  9 10 11 12 13 14 |
---------------+-------------------------------------------+-----
Fighting       | 6 7 9 10 11 12 14 16 19 21 23 25 | 25.4
Armour         | 6 7 9 10 11 13 14 15 18 19 | 19.6
Shields        | 6 8 9 10 11 12 14 18 20 | 20.3
Long Blades    | 4 6 7 9 11 13 16 18 20 21 24 25 | 25.4
Evocations     | 1 2 3 4 |  4.8
Stealth        | 1 3 4 5 8 10 | 10.9
Dodging        | 2 3 7 10 11 | 11.7
Throwing       | 1 2 |  2.5

Action                   |  1- 3 |  4- 6 |  7- 9 | 10-12 | 13-15 || total
-------------------------+-------+-------+-------+-------+-------++-------
Melee: Long sword        |    15 |    12 |       |       |       ||    27
       Headbutt          |     1 |     3 |    11 |    76 |    87 ||   178
       Scimitar          |       |     6 |    50 |   360 |   335 ||   751
Throw: Javelin           |       |       |       |       |     5 ||     5
Invok: Potion Petition   |       |       |       |     3 |     4 ||     7
Evoke: Wand              |       |     3 |       |     3 |     4 ||    10
  Use: Potion            |     1 |       |     2 |     4 |     5 ||    12
       Scroll            |       |       |       |     2 |     3 ||     5
 Stab: Invisible         |       |       |     2 |     8 |       ||    10
       Distracted        |       |       |       |     2 |     6 ||     8
       Sleeping          |       |       |       |       |     1 ||     1
Armor: Scale mail        |     2 |     4 |       |     5 |       ||    11
       Chain mail        |       |     3 |    16 |    54 |       ||    73
       Swamp dragon scal |       |       |       |    25 |    47 ||    72
Dodge: Dodged            |     8 |    12 |    17 |   125 |   105 ||   267
Block: Buckler           |     1 |     1 |     4 |    37 |       ||    43
       Kite shield       |       |       |       |    50 |   140 ||   190

Table legend: (Time is in decaauts)
 A = Elapsed time spent in this place.
 B = Non-inter-level travel time spent in this place.
 C = Inter-level travel time spent in this place.
 D = Time resting spent in this place.
 E = Time spent auto-exploring this place.
 F = Levels seen in this place.
 G = Mean time per level.
                   A        B        C        D        E       F      G
               +--------+--------+--------+--------+--------+-----+--------+
         Total |   8746 |   8746 |      0 |   5047 |    891 |   1 | 8746.0 |
       Dungeon |   8746 |   8746 |      0 |   5047 |    891 |   1 | 8746.0 |
               +--------+--------+--------+--------+--------+-----+--------+

Top non-repeatable levels by time:
       D: 8746 daAuts
